 Dungeon Crawl Stone Soup version 0.30.0-30-g96aa6591b8 (webtiles) character file.

Game seed: 18330555573272690841

424522 GimliDwarf the Fencer (level 23, -4/188 (201) HPs)
             Began as a Gnoll Wanderer on June 27, 2023.
             Was the Champion of Qazlal.
             Slain by a tengu reaver
             ... wielding a +4 great sword of draining
              (14 damage)
             ... on level 5 of the Vaults on June 28, 2023.
             The game lasted 04:22:24 (57382 turns).

GimliDwarf the Fencer (Gnoll Wanderer)             Turns: 57382, Time: 04:22:24

HP:   -4/188 (201)  AC: 24    Str: 14    XL:     23   Next: 78%
MP:   60/60         EV: 28    Int: 25    God:    Qazlal [******]
Gold: 3323          SH:  8    Dex: 29    Spells: 12/53 levels left

rFire   + . .        N - +3 Elemental Staff {rElec rF+ rC+ AC+3}
rCold   + . .        (no shield)
rNeg    . . .        W - +2 leather armour of Zempoecw {rC- Str+4 Int+7 Stlth+}
rPois   .            P - +3 crown of Dyrovepreva {rElec Int+2 SInv}
rElec   +            Y - +2 cloak of Integrity {Will+ MP+9}
rCorr   .            x - +2 pair of gloves
SInv    +            y - +2 pair of boots {Fly}
Will    +++..        k - amulet "Veappar" {RegenMP Dex+6}
Stlth   ++           U - ring of the Lobster {rElec rC+ Will+ Dex+3}
HPRegen 0.51/turn    D - ring of magical power
MPRegen 0.77/turn

%: repel missiles, clarity
@: flying, studying 2 skills, drained
A: fangs 1, strong nose, distributed training, clarity, robust 1
}: 2/15 runes: barnacled, gossamer
a: Renounce Religion, Upheaval, Elemental Force, Disaster Area


You were on level 5 of the Vaults.
You worshipped Qazlal.
Qazlal was exalted by your worship.
You visited 8 branches of the dungeon, and saw 39 of its levels.
You visited the Abyss 1 time.
You also visited: Ossuary, Ice Cave and Volcano.

You collected 6736 gold pieces.
You spent 3413 gold pieces at shops.

Inventory:

Hand Weapons
 B - the +7 falchion of Qioheg {antimagic, rElec Str+2 Dex+3 SInv}
   (You found it on level 14 of the Dungeon)

   Str:       It affects your strength (+2).
   Dex:       It affects your dexterity (+3).
   rElec:     It insulates you from electricity.
   SInv:      It lets you see invisible.
 H - the +9 long sword "Bomnep" {pain, Contam rPois rC++ rN+}
   (You took it off a deep elf knight on level 3 of the Elven Halls)

   rC:        It greatly protects you from cold.
   rPois:     It protects you from poison.
   rN:        It protects you from negative energy.
   Contam:    It causes magical contamination when unequipped.
 N - the +3 Elemental Staff (weapon) {rElec rF+ rC+ AC+3}
   (You took it off a deep elf pyromancer on level 11 of the Dungeon)

   It enhances your fire, ice, earth and air magic.
   AC:        It affects your AC (+3).
   rF:        It protects you from fire.
   rC:        It protects you from cold.
   rElec:     It insulates you from electricity.
 R - the +6 arbalest "Damnation" {damnation}
   (You found it on level 3 of the Vaults)
Missiles
 w - 8 curare-tipped darts
 C - 7 silver boomerangs
 G - 7 silver javelins
 K - 7 atropa-tipped darts
Armour
 f - a +1 troll leather armour
 h - the +18 shield of the Gong {Loud rN+ Will+ rCorr EV-5}
   (You found it on level 2 of the Vaults)

   Loud:      It is deafeningly noisy when blocking attacks.
   EV:        It affects your evasion (-5).
   rN:        It protects you from negative energy.
   rCorr:     It protects you from acid and corrosion.
   Will:      It increases your willpower.
 s - the +3 robe of Clouds {*Thunder rCloud rElec}
   (You bought it in a shop on level 2 of the Orcish Mines)

   *Thunder:  It occasionally creates storm clouds above nearby enemies.
   rCloud:    It grants its wearer immunity to clouds.
   rElec:     It insulates you from electricity.
 x - a +2 pair of gloves (worn)
 y - a +2 pair of boots of flying (worn)
 P - the +3 crown of Dyrovepreva (worn) {rElec Int+2 SInv}
   (You acquired it on level 12 of the Dungeon)

   Int:       It affects your intelligence (+2).
   rElec:     It insulates you from electricity.
   SInv:      It lets you see invisible.
 W - the +2 leather armour of Zempoecw (worn) {rC- Str+4 Int+7 Stlth+}
   (You found it in an ice cave)

   Str:       It affects your strength (+4).
   Int:       It affects your intelligence (+7).
   rC:        It makes you vulnerable to cold.
   Stlth:     It makes you more stealthy.
 Y - the +2 cloak of Integrity (worn) {Will+ MP+9}
   (You bought it in a shop on level 1 of the Orcish Mines)

   MP:        It affects your magic capacity (+9).
   Will:      It increases your willpower.
Jewellery
 a - a ring of wizardry
 k - the amulet "Veappar" (around neck) {RegenMP Dex+6}
   (You acquired it on level 12 of the Dungeon)

   [amulet of magic regeneration]

   It increases your rate of magic regeneration.
   Dex:       It affects your dexterity (+6).
 l - the amulet "Tomot" {RegenMP rC+}
   (You acquired it on level 12 of the Dungeon)

   [amulet of magic regeneration]

   It increases your rate of magic regeneration.
   rC:        It protects you from cold.
 D - a ring of magical power (right hand)
 I - the ring of Ofiun {rElec rN+ Int+6}
   (You took it off a centaur on level 10 of the Dungeon)

   [ring of intelligence]

   Int:       It affects your intelligence (+6).
   rElec:     It insulates you from electricity.
   rN:        It protects you from negative energy.
 U - the ring of the Lobster (left hand) {rElec rC+ Will+ Dex+3}
   (You found it in an ice cave)

   [ring of protection from cold]

   Dex:       It affects your dexterity (+3).
   rC:        It protects you from cold.
   rElec:     It insulates you from electricity.
   Will:      It increases your willpower.
 Z - an amulet of reflection
Wands
 c - a wand of polymorph (17)
 e - a wand of mindburst (6)
 t - a wand of flame (27)
 u - a wand of light (2)
 E - a wand of roots (18)
 Q - a wand of digging (5)
 X - a wand of charming (9)
Scrolls
 b - a scroll of silence
 d - 10 scrolls of teleportation
 j - 9 scrolls of fog
 n - 2 scrolls of brand weapon
 A - 6 scrolls of poison
 L - 6 scrolls of amnesia
 O - 5 scrolls of magic mapping
 S - a scroll of blinking
 T - 6 scrolls of fear
Potions
 g - 9 potions of might
 i - 10 potions of lignification
 m - 11 potions of curing
 o - 5 potions of magic
 p - 13 potions of haste
 q - 5 potions of flight
 r - 4 potions of cancellation
 v - 8 potions of brilliance
 z - 3 potions of berserk rage
 F - 4 potions of resistance
 J - 5 potions of ambrosia
 M - 3 potions of heal wounds
 V - 3 potions of invisibility


   Skills:
 + Level 15.9 Fighting
 + Level 15.9 Short Blades
 + Level 17.9 Long Blades
 + Level 15.9 Axes
 + Level 15.9 Maces & Flails
 + Level 15.9 Polearms
 + Level 16.5 Staves
 + Level 16.1 Ranged Weapons
 + Level 15.9 Throwing
 + Level 17.0 Armour
 + Level 15.9 Dodging
 + Level 16.4 Stealth
 + Level 15.9 Shields
 + Level 15.9 Unarmed Combat
 + Level 15.9 Spellcasting
 + Level 13.5 Conjurations
 + Level 13.5 Hexes
 + Level 16.3 Summonings
 + Level 13.5 Necromancy
 + Level 13.5 Translocations
 + Level 13.5 Transmutations
 + Level 13.5 Fire Magic
 + Level 13.5 Ice Magic
 + Level 13.5 Air Magic
 + Level 13.5 Earth Magic
 + Level 13.5 Poison Magic
 + Level 17.4 Invocations
 + Level 16.1 Evocations


You had 12 spell levels left.
You knew the following spells:

 Your Spells              Type           Power      Damage    Failure   Level
a - Ignite Poison         Fire/Tmut/Pois 92%        N/A       1%          3
b - Frozen Ramparts       Ice            100%       1d16      1%          3
c - Mephitic Cloud        Conj/Pois/Air  92%        N/A       1%          3
d - Portal Projectile     Hex/Tloc       100%       N/A       1%          3
e - Irradiate             Conj/Tmut      36%        3d23      1%          5
f - Freezing Cloud        Conj/Ice/Air   57%        6-21      1%          5
g - Lee's Rapid Deconstr  Erth           46%        3d22*     1%          5
h - Statue Form           Tmut/Erth      61%        N/A       1%          6
i - Sticky Flame          Conj/Fire      92%        2d10      1%          4
j - Flame Wave            Conj/Fire      92%        2d19      1%          4

Your spell library contained the following spells:

 Spells                   Type           Power      Damage    Failure   Level
 Apportation              Tloc           100%       N/A       0%          1
 Magic Dart               Conj           100%       1d8       0%          1
 Necrotise                Necr           100%       1d9       0%          1
 Sandblast                Erth           100%       2d20      0%          1
 Shock                    Conj/Air       100%       1d9       0%          1
 Slow                     Hex            100%       N/A       0%          1
 Summon Small Mammal      Summ           100%       N/A       0%          1
 Call Imp                 Summ           100%       N/A       0%          2
 Call Canine Familiar     Summ           79%        N/A       0%          3
 Cigotuvi's Dreadful Rot  Necr/Pois/Air  100%       N/A       1%          2
 Ensorcelled Hibernation  Hex/Ice        100%       N/A       1%          2
 Momentum Strike          Conj/Tloc      100%       3d10      1%          2
 Passwall                 Tmut/Erth      76%        N/A       1%          2
 Searing Ray              Conj           100%       2d8       1%          2
 Sublimation of Blood     Necr           73%        N/A       1%          2
 Confusing Touch          Hex            73%        N/A       1%          3
 Inner Flame              Hex/Fire       92%        N/A       1%          3
 Ozocubu's Armour         Ice            92%        N/A       1%          3
 Stone Arrow              Conj/Erth      100%       3d13      1%          3
 Summon Guardian Golem    Hex/Summ       76%        N/A       1%          3
 Swiftness                Air            92%        N/A       1%          3
 Tukima's Dance           Hex            73%        N/A       1%          3
 Vampiric Draining        Necr           73%        2d11      1%          3
 Animate Armour           Summ/Erth      100%       N/A       1%          4
 Animate Dead             Necr           73%        N/A       1%          4
 Fulminant Prism          Conj/Hex       36%        3d18      1%          4
 Ice Form                 Ice/Tmut       92%        N/A       1%          4
 Leda's Liquefaction      Hex/Erth       46%        N/A       1%          4
 Manifold Assault         Tloc           73%        N/A       1%          4
 Petrify                  Tmut/Erth      92%        N/A       1%          4
 Summon Ice Beast         Ice/Summ       97%        N/A       1%          4
 Agony                    Necr           73%        N/A       1%          5
 Alistair's Intoxication  Tmut/Pois      48%        N/A       1%          5
 Blade Hands              Tmut           36%        N/A       1%          5
 Metabolic Englaciation   Hex/Ice        46%        N/A       1%          5
 Summon Mana Viper        Hex/Summ       76%        N/A       1%          5
 Yara's Violent Unravell  Hex/Tmut       36%        3d15      1%          5
 Dispersal                Tloc           36%        N/A       1%          6
 Simulacrum               Ice/Necr       46%        N/A       1%          6
 Monstrous Menagerie      Summ           39%        N/A       3%          7
 Haunt                    Necr/Summ      38%        N/A       5%          7
 Enfeeble                 Hex            36%        N/A       10%         7
 Ozocubu's Refrigeration  Ice            46%        4d17      10%         7
 Disjunction              Tloc           36%        N/A       61%         8
 Ignition                 Fire           46%        3d13      61%         8
 Infestation              Necr           36%        N/A       61%         8
 Lehudib's Crystal Spear  Conj/Erth      46%        10d11     61%         8
 Maxwell's Capacitive Co  Air            46%        ∞         61%         8
 Fire Storm               Conj/Fire      46%        8d12      100%        9
 Polar Vortex             Ice            46%        N/A       100%        9


Dungeon Overview and Level Annotations

Branches:
Dungeon (15/15)            Temple (1/1) D:4            Lair (5/5) D:9
 Shoals (4/4) Lair:3       Spider (4/4) Lair:3        Slime (0/5) Lair:5
    Orc (2/2) D:10            Elf (3/3) Orc:2        Vaults (5/5) D:14
  Crypt (0/3) Vaults:3     Depths (0/4) D:15        Ossuary (visited)
  IceCv (visited)         Volcano (visited)

Altars:
Ashenzari
Cheibriados
Dithmenos
Elyvilon
Fedhas
Gozag
Hepliaklqana
Kikubaaqudgha
Makhleb
Nemelex Xobeh
Okawaru
Qazlal
Ru
Sif Muna
Trog
Uskayaw
Vehumet
Wu Jian
Xom
Yredelemnul
Zin
The Shining One
Jiyva

Shops:
Orc:1 [   Orc:2 ([?[   Elf:1 :   Vaults:4 ?

Portals:
Trove: D:10 (give +3 ice dragon scales)

Annotations:
D:10 3 runed translucent doors, Drain's ghost, journeyman HuCj
D:15 1 runed translucent door


Innate Abilities, Weirdness & Mutations

You have very sharp teeth.
Your uncanny sense of smell can sniff out nearby items.
Your experience applies equally to all skills.
You possess an exceptional clarity of mind.
You are robust. (+10% HP)


Message History

A floating eye comes into view.
You hear a shout!
You hear a deafening roar!
The vault warden is engulfed in poison gas.
The vault warden is poisoned.
The frost giant shouts!
The vault warden is engulfed in freezing vapours.
The golden dragon is engulfed in freezing vapours.
The golden dragon is engulfed in freezing vapours.
The golden dragon breathes poison at you.
The frost giant gestures at you while chanting.
The bolt of cold misses you.
The vault warden throws a stone.
The stone misses you.
You hear a deafening roar!
Your protection from physical attacks is fading.
You hear a roar!
You hear a horrible gurgling sound!
You hear a shout! x2
You hear a shout!
A war gargoyle comes into view. It is wielding a +0 great mace.
You feel less protected from physical attacks.
You hear an angry hiss.
The tengu reaver is engulfed in freezing vapours.
You hear a deafening roar!
The shadow dragon breathes negative energy at you.
The bolt of negative energy misses you.
The tengu reaver attacks as you move away!
The tengu reaver hits you with a +4 great sword of draining!
* * * LOW HITPOINT WARNING * * *
You feel drained.
* * * LOW HITPOINT WARNING * * *
The tengu reaver pecks you!
* * * LOW HITPOINT WARNING * * *
The tengu reaver completely misses you. The tengu reaver casts a spell at you.
The bolt of negative energy hits you!
You feel drained.
* * * LOW HITPOINT WARNING * * *
You hear a deafening roar! x2
The tengu reaver hits you with a +4 great sword of draining!
You die...

##################
.................
.........°.§..
#########.....§..#######
.#..........C....§......
.##.......#...)#..§...C.
..#.......#....#Q.#####.
..##......#....#@§#
..####...C#..9D#.☼# ∆
.########.#....#..#
.##....##.#.C..#..#
.........p#....#... ∆
.....C....#....#..D.
..........#....##p..
......#.°.#....# #...
...####☼..#....#


You could see a shadow dragon, a tengu reaver and a vault guard.

Vanquished Creatures
  A dread lich (Vaults:4)
  A golden dragon (Vaults:4)
  Zenata (Elf:1)
  3 tentacled monstrosities
  Rupert (Orc:2)
  3 deep elf blademasters
  The ghost of Woods the Ogre Mage, an adept OgAE of Vehumet (Spider:3)
  2 sphinxes
  A titan (Vaults:5)
  Polyphemus (Shoals:4)
  4 deep elf master archers (Elf:3)
  A tengu reaver (Vaults:4)
  An azure jelly (IceCv)
  Donald (Elf:2)
  Kirke (Lair:4)
  Ilsuiw (Shoals:2)
  A storm dragon (shapeshifter) (Vaults:4)
  Roxanne (Shoals:4)
  7 emperor scorpions
  Aizul (Elf:2)
  14 vault wardens
  5 deep elf sorcerers (Elf:3)
  4 ghost moths (Spider:4)
  An orc warlord (Orc:2)
  Louise (Shoals:4)
  8 deep elf elementalists (Elf:3)
  13 ironbound preservers
  2 quicksilver oozes (IceCv)
  7 very ugly things
  A broodmother (Spider:2)
  A stone giant (Vaults:5)
  2 war gargoyles (Vaults:3)
  Nessos (Orc:2)
  9 deep elf demonologists
  4 ironbound thunderhulks
  Azrael (Elf:1)
  9 deep elf annihilators
  9 dire elephants
  4 spark wasps
  7 merfolk javelineers
  6 deep elf death magi (Elf:3)
  An eidolon (Vaults:3)
  12 merfolk impalers
  3 ettins
  7 great orbs of eyes
  2 deep elf high priests (Elf:3)
  11 yaktaur captains
  5 entropy weavers
  An entropy weaver (shapeshifter) (Vaults:5)
  8 hydras
  5 merfolk avatars
  5 catoblepae
  3 peacekeepers
  A rakshasa (D:15)
  30 vault guards
  14 ironbound frosthearts
  The ghost of booth the Cleaver, a journeyman DsRe of Hepliaklqana (D:11)
  4 jorogumos
  6 merfolk aquamancers (Shoals:4)
  A death knight (Vaults:3)
  2 satyrs (Shoals:4)
  8 two-headed ogres
  A two-headed ogre (shapeshifter) (Vaults:3)
  9 boulder beetles
  17 centaur warriors
  Urug (D:10)
  13 death yaks
  3 alligator snapping turtles
  2 radroaches (Spider:3)
  5 tengu warriors
  An orc high priest (Orc:2)
  A deep troll earth mage (Vaults:5)
  A death scarab (Spider:2)
  A hell knight (Vaults:5)
  Sonja (Orc:2)
  16 deep elf knights
  2 skysharks (Shoals:2)
  A sea snake (shapeshifter) (Vaults:5)
  7 pharaoh ants
  2 sun moths (Spider:1)
  3 glowing orange brains
  12 sea snakes
  4 skeletal warriors
  25 deep trolls
  12 orb spiders
  5 deep elf archers
  10 ironbound convokers
  5 steelbarb worms
  29 deep elf pyromancers
  22 harpies
  The ghost of Taurus the Cleaver, a novice MiFi (D:5)
  6 wizards
  An orc knight (Orc:2)
  3 phantasmal warriors
  A necromancer (Vaults:5)
  An oklob plant (Lair:4)
  19 deep elf zephyrmancers
  A harpy (shapeshifter) (D:14)
  8 lindwurms
  20 ugly things
  14 wolf spiders
  A faun (Shoals:3)
  8 cyclopes
  17 manticores
  A salamander (Volcano)
  A black mamba (shapeshifter) (D:15)
  10 merfolk sirens
  3 moths of wrath
  An elephant (shapeshifter) (D:14)
  31 vault sentinels
  4 water nymphs
  3 gargoyles (D:11)
  2 ice statues (IceCv)
  3 black mambas
  Joseph (D:7)
  6 demonic crawlers
  4 torpor snails
  Psyche (D:9)
  8 cane toads
  4 rime drakes
  A kobold demonologist (D:9)
  30 yaktaurs
  9 komodo dragons
  2 unseen horror zombies (D:10)
  3 efreet
  2 ice devils (D:11)
  2 tengu conjurers
  24 merfolk
  9 trolls
  A troll (shapeshifter) (Elf:3)
  A yaktaur (shapeshifter) (D:15)
  3 meliai (Spider:3)
  Prince Ribbit (D:9)
  2 wind drakes (Shoals:4)
  A polar bear (D:11)
  23 tarantellas
  8 hornets
  A raiju (Spider:4)
  5 blink frogs (Lair:4)
  33 jumping spiders
  10 snapping turtles
  54 slime creatures
  A centaur simulacrum (D:15)
  4 air elementals
  18 culicivoras
  17 water elementals
  5 wyverns
  3 spriggans
  4 wraiths
  3 shadows
  Eustachio (D:6)
  A vampire (D:11)
  43 yaks
  2 basilisks
  4 steam dragons
  2 fire bats (Volcano)
  3 vampire mosquitoes (D:11)
  5 hogs (Lair:4)
  7 fire elementals
  71 redbacks
  2 wargs (Orc:2)
  21 dancing weapons
  13 water moccasins
  5 hell hounds
  4 sky beasts
  A black bear (D:5)
  3 ice beasts (D:7)
  27 orc warriors
  2 great orb of eyes simulacra (IceCv)
  8 ogres
  A wolf (D:11)
  10 boggarts
  13 centaurs
  A phantom (D:7)
  2 slime creature simulacra (IceCv)
  Blork the orc (D:4)
  5 kobold brigands
  An elf zombie (Ossuary)
  11 bullfrogs
  3 glowing shapeshifter simulacra (IceCv)
  An earth elemental (Elf:1)
  5 scorpions
  13 wights
  14 killer bees
  5 electric eels
  4 howler monkeys (D:9)
  10 centaur zombies
  25 orc priests
  3 hounds
  3 jellies
  2 human zombies (Ossuary)
  6 iguanas
  23 orc wizards
  A shapeshifter simulacrum (IceCv)
  2 ogre zombies (Ossuary)
  7 mummies (Ossuary)
  2 howler monkey zombies (D:10)
  18 adders
  A shadow imp (D:7)
  3 white imps
  An ufetubus (D:7)
  6 adder zombies (Ossuary)
  4 worms
  4 dart slugs
  77 orcs
  6 endoplasms
  9 giant cockroaches
  A gnoll zombie (Ossuary)
  9 goblins
  9 hobgoblins
  7 jackals (D:3)
  4 quokkas
  3 ball pythons
  5 bats
  7 frilled lizards
  A goblin zombie (Ossuary)
  A hobgoblin zombie (Ossuary)
  16 kobolds
  5 kobold zombies (Ossuary)
  A quokka zombie (Ossuary)
  5 rats
  7 rat zombies (Ossuary)
  2 tentacles (Shoals:3)
1559 creatures vanquished.

Vanquished Creatures (collateral kills)
  A kraken (Shoals:3)
  A titan (Vaults:5)
  A deep elf death mage (Elf:3)
  A merfolk javelineer (Shoals:4)
  A merfolk aquamancer (Shoals:4)
  A sea snake (Shoals:4)
  An orb spider (Spider:4)
  An orc knight (Orc:2)
  Maurice (D:10)
  2 merfolk sirens (Shoals:4)
  2 demonic crawlers
  2 merfolk (Shoals:4)
  2 snapping turtles (Shoals:4)
  A jumping spider (Spider:4)
  A redback (Spider:4)
  An orc warrior (Orc:2)
  3 orc priests (Orc:2)
  An orc wizard (Orc:2)
  2 orcs (Orc:2)
26 creatures vanquished.

Vanquished Creatures (others)
  A deep elf death mage (Elf:3)
  2 vault guards (Vaults:5)
  A steelbarb worm (Spider:2)
  2 deep elf zephyrmancers
  A deep elf pyromancer (Elf:2)
  A vault sentinel (Vaults:4)
  A yaktaur (Vaults:5)
  A hornet (D:10)
  A steam dragon (D:11)
  2 dancing weapons
  An orc warrior (Orc:2)
  An orc priest (Vaults:5)
  2 tentacles (Shoals:3)
17 creatures vanquished.

Grand Total: 1602 creatures vanquished

Notes
Turn   | Place    | Note
-------+----------+-------------------------------------------
     0 | D:1      | GimliDwarf the Gnoll Wanderer began the quest for the Orb.
     0 | D:1      | GimliDwarf set off with the following items: a +2
                  | quarterstaff, a +0 sling, a wand of polymorph (3), a scroll
                  | of teleportation, a +0 robe.
     0 | D:1      | Reached XP level 1. HP: 13/13 MP: 2/2
    27 | D:1      | Reached XP level 2. HP: 16/19 MP: 3/3
   354 | D:1      | Reached XP level 3. HP: 25/25 MP: 4/4
  1061 | D:2      | Reached skill level 1 in Fighting
  1061 | D:2      | Reached skill level 1 in Short Blades
  1061 | D:2      | Reached skill level 1 in Long Blades
  1061 | D:2      | Reached skill level 1 in Axes
  1061 | D:2      | Reached skill level 1 in Maces & Flails
  1061 | D:2      | Reached skill level 1 in Polearms
  1061 | D:2      | Reached skill level 1 in Throwing
  1061 | D:2      | Reached skill level 1 in Dodging
  1061 | D:2      | Reached skill level 1 in Shields
  1061 | D:2      | Reached skill level 1 in Unarmed Combat
  1061 | D:2      | Reached skill level 1 in Spellcasting
  1609 | D:3      | Reached XP level 4. HP: 32/32 MP: 6/6
  1646 | D:3      | Found a hide-covered altar of Uskayaw.
  1662 | D:3      | HP: 1/32 [poisoned by an adder]
  1889 | D:3      | Reached skill level 1 in Conjurations
  1889 | D:3      | Reached skill level 1 in Hexes
  1889 | D:3      | Reached skill level 1 in Summonings
  1889 | D:3      | Reached skill level 1 in Necromancy
  1889 | D:3      | Reached skill level 1 in Translocations
  1889 | D:3      | Reached skill level 1 in Transmutations
  1889 | D:3      | Reached skill level 1 in Fire Magic
  1889 | D:3      | Reached skill level 1 in Ice Magic
  1889 | D:3      | Reached skill level 1 in Air Magic
  1889 | D:3      | Reached skill level 1 in Earth Magic
  1889 | D:3      | Reached skill level 1 in Poison Magic
  2686 | D:4      | Reached XP level 5. HP: 37/37 MP: 7/7
  2848 | D:4      | Found a staircase to the Ecumenical Temple.
  2852 | D:4      | Noticed a water moccasin
  2957 | Temple   | Entered the Ecumenical Temple
  3127 | Temple   | Became a worshipper of Qazlal Stormbringer
  3380 | D:4      | Reached XP level 6. HP: 44/44 MP: 8/8
  3493 | D:4      | Reached skill level 5 in Staves
  3831 | D:4      | Killed a water moccasin
  4007 | D:4      | Noticed Blork the orc
  4013 | D:4      | Killed Blork the orc
  4014 | D:4      | Reached XP level 7. HP: 41/51 MP: 10/10
  4130 | D:4      | Found a faded altar of an unknown god.
  4130 | D:4      | Found a faded altar of an unknown god.
  4134 | D:4      | Found a hazy altar of Hepliaklqana.
  4279 | D:5      | Entered Level 5 of the Dungeon
  4405 | D:5      | Got Vossauq's Almanac of Gaseous Concussion
  4421 | D:5      | Reached * piety under Qazlal
  4448 | D:5      | Reached skill level 5 in Stealth
  4656 | D:5      | Found a transporter.
  4948 | D:5      | Found a transporter.
  4950 | D:5      | Noticed Taurus's ghost (novice MiFi)
  5072 | D:5      | Found a shadowy altar of Dithmenos.
  5217 | D:5      | Learned a level 1 spell: Magic Dart
  5245 | D:6      | Reached XP level 8. HP: 58/58 MP: 12/12
  5345 | D:6      | Found a sacrificial altar of Ru.
  5634 | D:6      | Found a sand-covered staircase.
  5669 | Ossuary  | Entered an ossuary
  5892 | Ossuary  | Reached ** piety under Qazlal
  5893 | Ossuary  | Reached skill level 5 in Invocations
  6062 | Ossuary  | Reached XP level 9. HP: 58/65 MP: 14/14
  6384 | D:6      | Found an iron altar of Okawaru.
  6426 | D:6      | Found a broken altar of Ashenzari.
  6483 | D:6      | Noticed Eustachio
  6497 | D:6      | Killed Eustachio
  6498 | D:6      | Reached skill level 5 in Ranged Weapons
  6498 | D:6      | Reached skill level 5 in Evocations
  6897 | D:7      | Noticed Joseph
  6926 | D:7      | Killed Joseph
  7866 | D:7      | Reached *** piety under Qazlal
  7867 | D:7      | Reached skill level 5 in Fighting
  7867 | D:7      | Reached skill level 5 in Short Blades
  7867 | D:7      | Reached skill level 5 in Long Blades
  7867 | D:7      | Reached skill level 5 in Axes
  7867 | D:7      | Reached skill level 5 in Maces & Flails
  7867 | D:7      | Reached skill level 5 in Polearms
  7867 | D:7      | Reached skill level 5 in Throwing
  7867 | D:7      | Reached skill level 5 in Dodging
  7867 | D:7      | Reached skill level 5 in Shields
  7867 | D:7      | Reached skill level 5 in Unarmed Combat
  7867 | D:7      | Reached skill level 5 in Spellcasting
  7867 | D:7      | Reached XP level 10. HP: 63/74 MP: 17/17
  7904 | D:7      | Learned a level 3 spell: Frozen Ramparts
  7908 | D:7      | Learned a level 3 spell: Mephitic Cloud
  7912 | D:7      | Learned a level 3 spell: Portal Projectile
  7916 | D:7      | Learned a level 3 spell: Tukima's Dance
  7921 | D:7      | Noticed a boulder beetle
  7945 | D:7      | Killed a boulder beetle
  8409 | D:7      | Found a burning altar of Makhleb.
  8707 | D:8      | Noticed a cyclops
  9394 | D:8      | Found a radiant altar of Vehumet.
  9715 | D:8      | Killed a cyclops
 10046 | D:8      | Found a white marble altar of Elyvilon.
 10049 | D:8      | Found an opulent altar of Gozag.
 10054 | D:8      | Found a shimmering altar of Xom.
 10438 | D:9      | Noticed a kobold demonologist
 10451 | D:9      | Killed a kobold demonologist
 10595 | D:9      | Found a staircase to the Lair.
 10609 | D:9      | Reached skill level 5 in Conjurations
 10609 | D:9      | Reached skill level 5 in Hexes
 10609 | D:9      | Reached skill level 5 in Summonings
 10609 | D:9      | Reached skill level 5 in Necromancy
 10609 | D:9      | Reached skill level 5 in Translocations
 10609 | D:9      | Reached skill level 5 in Transmutations
 10609 | D:9      | Reached skill level 5 in Fire Magic
 10609 | D:9      | Reached skill level 5 in Ice Magic
 10609 | D:9      | Reached skill level 5 in Air Magic
 10609 | D:9      | Reached skill level 5 in Earth Magic
 10609 | D:9      | Reached skill level 5 in Poison Magic
 10665 | D:9      | Reached XP level 11. HP: 81/81 MP: 20/20
 10677 | D:9      | Found a bloodstained altar of Trog.
 10717 | D:9      | Noticed Prince Ribbit
 10728 | D:9      | Killed Prince Ribbit
 10782 | D:9      | Found a shimmering blue altar of Sif Muna.
 11192 | D:9      | Noticed a two-headed ogre
 11564 | D:9      | Killed a two-headed ogre
 11770 | D:9      | Noticed a two-headed ogre
 11780 | D:9      | Killed a two-headed ogre
 11780 | D:9      | Noticed Psyche
 11794 | D:9      | Killed Psyche
 12209 | D:10     | Entered Level 10 of the Dungeon
 12209 | D:10     | Noticed a two-headed ogre
 12292 | D:10     | Noticed Urug
 12306 | D:10     | Found a staircase to the Orcish Mines.
 12444 | D:10     | Reached **** piety under Qazlal
 12511 | D:10     | Noticed Maurice
 12522 | D:10     | Killed Maurice
 12572 | D:10     | Killed Urug
 13027 | D:10     | Noticed a deep elf pyromancer
 13033 | D:10     | Killed a deep elf pyromancer
 13118 | D:10     | Reached XP level 12. HP: 87/91 MP: 22/22
 13170 | D:10     | Identified the ring of Ofiun {rElec rN+ Int+6}
 13399 | D:10     | Killed a two-headed ogre
 13446 | D:10     | Found a basalt altar of Yredelemnul.
 13467 | D:10     | Reached skill level 10 in Armour
 13586 | D:10     | Found a runed translucent gate.
 13587 | D:10     | Found a runed translucent gate.
 13605 | D:10     | Found a runed translucent gate.
 13672 | D:10     | Found a portal to a secret trove of treasure.
 13889 | D:10     | Learned a level 3 spell: Ignite Poison
 13920 | D:9      | Gained mutation: Your body sometimes deteriorates upon
                  | taking damage. [potion of mutation]
 13920 | D:9      | Gained mutation: You are partially covered in iridescent
                  | scales. (AC +2) [potion of mutation]
 13921 | D:9      | Lost mutation: Your body sometimes deteriorates upon taking
                  | damage. [potion of mutation]
 13921 | D:9      | Lost mutation: You are partially covered in iridescent
                  | scales. (AC +2) [potion of mutation]
 13921 | D:9      | Gained mutation: You are robust. (+10% HP) [potion of
                  | mutation]
 13921 | D:9      | Gained mutation: You possess an exceptional clarity of
                  | mind. [potion of mutation]
 13967 | Lair:1   | Entered Level 1 of the Lair of Beasts
 15079 | Lair:2   | Found a dark tunnel.
 15089 | Volcano  | Entered a volcano
 15153 | Volcano  | Reached ***** piety under Qazlal
 15218 | Volcano  | Noticed a two-headed ogre
 15219 | Volcano  | Noticed a two-headed ogre
 15221 | Volcano  | Killed a two-headed ogre
 15226 | Volcano  | Killed a two-headed ogre
 16723 | Lair:3   | Reached XP level 13. HP: 107/107 MP: 25/25
 16922 | Lair:3   | Found a hole to the Spider Nest.
 16924 | Lair:3   | Identified the +5 short sword "Fozoro" {freeze, MP+9}
 17243 | Lair:3   | Found a staircase to the Shoals.
 18724 | Lair:4   | Noticed Kirke
 18740 | Lair:4   | Killed Kirke
 19715 | Lair:5   | Entered Level 5 of the Lair of Beasts
 19856 | Lair:4   | Learned a level 5 spell: Freezing Cloud
 19863 | Lair:4   | Learned a level 5 spell: Irradiate
 19928 | Lair:4   | Reached skill level 10 in Staves
 19928 | Lair:4   | Reached skill level 10 in Invocations
 20211 | Lair:5   | Reached skill level 10 in Stealth
 20461 | Lair:5   | Found a viscous altar of Jiyva.
 20462 | Lair:5   | Found a staircase to the Slime Pits.
 20498 | Lair:5   | Reached XP level 14. HP: 116/118 MP: 27/27
 22046 | D:5      | Killed Taurus's ghost
 22446 | D:9      | Got Sif Muna's Parchment of Electricity
 22567 | D:10     | Reached skill level 10 in Ranged Weapons
 22567 | D:10     | Reached skill level 10 in Evocations
 22692 | D:10     | Found a runed translucent gate.
 22692 | D:10     | Found a runed translucent gate.
 22699 | D:10     | Noticed a cacodemon
 22700 | D:10     | Found a runed translucent gate.
 22700 | D:10     | Noticed Drain's ghost (journeyman HuCj)
 22789 | Orc:1    | Entered Level 1 of the Orcish Mines
 22803 | Orc:1    | Found Itoah's Antique Armour Emporium.
 22815 | Orc:1    | Bought a twisted cloak for 228 gold pieces
 22815 | Orc:1    | Identified the +2 cloak of Integrity {Will+ MP+9} (You
                  | bought it in a shop on level 1 of the Orcish Mines)
 22815 | Orc:1    | Bought a pair of embroidered boots for 180 gold pieces
 23000 | Orc:2    | Entered Level 2 of the Orcish Mines
 23009 | Orc:2    | Noticed Rupert
 23020 | Orc:2    | Reached ****** piety under Qazlal
 23020 | Orc:2    | Killed Rupert
 23285 | Orc:2    | Found a staircase to the Elven Halls.
 23494 | Orc:2    | Noticed Sonja
 23499 | Orc:2    | Killed Sonja
 23544 | Orc:2    | Found Qekorphu's Antique Armour Boutique.
 23625 | Orc:2    | Bought a faintly glowing robe for 193 gold pieces
 23625 | Orc:2    | Identified the +1 robe "Boafuut" {Stlth+} (You bought it in
                  | a shop on level 2 of the Orcish Mines)
 23625 | Orc:2    | Bought an encrusted orb for 476 gold pieces
 23625 | Orc:2    | Identified the orb of Vehumet's Delight {*channel, Str+3}
                  | (You bought it in a shop on level 2 of the Orcish Mines)
 23681 | Orc:2    | Noticed an orc warlord
 23702 | Orc:2    | Noticed Nessos
 23708 | Orc:2    | Killed an orc warlord
 23714 | Orc:2    | Killed Nessos
 24046 | Orc:2    | Found Maolluire's Antique Weapon Emporium.
 24066 | Orc:2    | Found Qunyt's Antique Armour Shoppe.
 24273 | Orc:2    | Found Irromiruc's Magic Scroll Shoppe.
 24403 | Orc:1    | Reached skill level 10 in Fighting
 24403 | Orc:1    | Reached skill level 10 in Short Blades
 24403 | Orc:1    | Reached skill level 10 in Long Blades
 24403 | Orc:1    | Reached skill level 10 in Axes
 24403 | Orc:1    | Reached skill level 10 in Maces & Flails
 24403 | Orc:1    | Reached skill level 10 in Polearms
 24403 | Orc:1    | Reached skill level 10 in Throwing
 24403 | Orc:1    | Reached skill level 10 in Dodging
 24403 | Orc:1    | Reached skill level 10 in Shields
 24403 | Orc:1    | Reached skill level 10 in Unarmed Combat
 24403 | Orc:1    | Reached skill level 10 in Spellcasting
 24832 | Orc:2    | Bought the +3 robe of Clouds {*Thunder rCloud rElec} for
                  | 712 gold pieces
 24832 | Orc:2    | Found the +3 robe of Clouds {*Thunder rCloud rElec}
 25030 | Shoals:1 | Entered Level 1 of the Shoals
 25185 | Shoals:1 | Reached XP level 15. HP: 86/126 MP: 29/29
 26413 | Shoals:2 | Noticed Ilsuiw
 26425 | Shoals:2 | Killed Ilsuiw
 27485 | Shoals:3 | Noticed a kraken
 27498 | Shoals:3 | Killed a kraken
 28009 | Shoals:4 | Entered Level 4 of the Shoals
 28194 | Shoals:4 | Noticed Louise
 28325 | Shoals:4 | Reached XP level 16. HP: 124/136 MP: 30/30
 29006 | Shoals:4 | Noticed Polyphemus
 29177 | Shoals:4 | Killed Louise
 29389 | Shoals:4 | Killed Polyphemus
 29920 | Shoals:4 | Learned a level 5 spell: Lee's Rapid Deconstruction
 30098 | Shoals:4 | Identified the +5 mace "Sicus" {venom, rElec rF+}
 30276 | Shoals:4 | Identified Roxanne's Compilation of Minerals
 30276 | Shoals:4 | Noticed Roxanne
 30298 | Shoals:4 | Got a barnacled rune of Zot
 30759 | Shoals:4 | Killed Roxanne
 31571 | D:11     | Reached skill level 10 in Summonings
 31617 | D:11     | Found a runed translucent door.
 31623 | D:11     | Identified the +3 spear of Nain {spect, Fragile rElec rC+}
 31624 | D:11     | Noticed booth's ghost (journeyman DsRe)
 32062 | D:11     | Reached XP level 17. HP: 146/146 MP: 32/32
 32470 | D:11     | Learned a level 6 spell: Statue Form
 32487 | D:11     | Killed booth's ghost
 32754 | Spider:1 | Entered Level 1 of the Spider Nest
 32765 | Spider:1 | Reached skill level 10 in Conjurations
 32765 | Spider:1 | Reached skill level 10 in Hexes
 32765 | Spider:1 | Reached skill level 10 in Necromancy
 32765 | Spider:1 | Reached skill level 10 in Translocations
 32765 | Spider:1 | Reached skill level 10 in Transmutations
 32765 | Spider:1 | Reached skill level 10 in Fire Magic
 32765 | Spider:1 | Reached skill level 10 in Ice Magic
 32765 | Spider:1 | Reached skill level 10 in Air Magic
 32765 | Spider:1 | Reached skill level 10 in Earth Magic
 32765 | Spider:1 | Reached skill level 10 in Poison Magic
 34106 | Spider:1 | Identified 3 scrolls of acquirement
 35290 | Spider:2 | Identified the +0 ring mail of the Shore {Rampage rC-
                  | Will++ Slay-6 Stlth+}
 35763 | Spider:3 | Found a large runed translucent door.
 35763 | Spider:3 | Found a large runed translucent door.
 35767 | Spider:3 | Noticed Woods's ghost (adept OgAE)
 37049 | Spider:4 | Entered Level 4 of the Spider Nest
 37079 | Spider:4 | Reached XP level 18. HP: 138/155 MP: 28/34
 39014 | Spider:4 | Got a gossamer rune of Zot
 39303 | Elf:1    | Entered Level 1 of the Elven Halls
 39310 | Elf:1    | Noticed Zenata
 39391 | Elf:1    | Noticed Azrael
 39807 | D:12     | Found a frozen archway.
 39827 | IceCv    | Entered an ice cave
 40110 | IceCv    | Found a viscous altar of Jiyva.
 40134 | IceCv    | Got the ring of the Lobster {rElec rC+ Will+ Dex+3}
 40136 | IceCv    | Identified the +2 leather armour of Zempoecw {rC- Str+4
                  | Int+7 Stlth+}
 40139 | IceCv    | Got the ring of Compulsion {rC+ Stlth+}
 40478 | D:12     | Identified the +5 ring mail "Darchoic" {rC+ Int-4 Dex+4}
 40931 | D:12     | Acquired the amulet "Tomot" {RegenMP rC+}
 40944 | D:12     | Acquired the +3 crown of Dyrovepreva {rElec Int+2 SInv}
 40944 | D:12     | Found the +3 crown of Dyrovepreva {rElec Int+2 SInv}
 40957 | D:12     | Acquired 1105 gold pieces
 40960 | D:12     | Acquired the amulet "Veappar" {RegenMP Dex+6}
 41864 | D:14     | Reached XP level 19. HP: 163/163 MP: 36/36
 42274 | D:14     | Identified the +7 falchion of Qioheg {antimagic, rElec
                  | Str+2 Dex+3 SInv}
 42278 | D:14     | Found a gate to the Vaults.
 42409 | D:14     | You are sucked into a shaft and drop 1 floor!
 42409 | D:15     | Entered Level 15 of the Dungeon
 42949 | D:15     | Found a runed translucent door.
 43139 | D:15     | Found a staircase to the Depths.
 43211 | D:15     | Found a hide-covered altar of Uskayaw.
 44236 | Spider:3 | Killed Woods's ghost
 44239 | Spider:3 | Identified the ring of Ytziv {Fire rN+}
 44243 | Spider:3 | Identified the staff of conjuration "Buomoamm" {Stlth+}
 44835 | Elf:1    | Killed Azrael
 44862 | Elf:1    | Killed Zenata
 44961 | Elf:1    | Found Caamuob's Book Shop.
 45280 | Elf:1    | Bought an Everburning Encyclopedia for 504 gold pieces
 45280 | Elf:1    | Bought a manual of Long Blades for 1120 gold pieces
 45330 | Elf:1    | Reached skill level 15 in Invocations
 45335 | Elf:1    | Reached skill level 15 in Armour
 45371 | Elf:1    | Learned a level 4 spell: Sticky Flame
 45448 | Elf:1    | Got the Elucidation of Wounds
 45516 | Elf:1    | Learned a level 4 spell: Flame Wave
 45625 | Elf:1    | Identified the ring of Jarowaq {rElec Dex+6}
 46310 | Elf:2    | Noticed Aizul
 46323 | Elf:2    | Killed Aizul
 46481 | Elf:2    | Found a runed translucent gate.
 46482 | Elf:2    | Found a runed translucent gate.
 46482 | Elf:2    | Found a runed translucent gate.
 46584 | Elf:2    | Paralysed by an air elemental for 1 turns
 46806 | Elf:2    | Noticed Donald
 46821 | Abyss:3  | Found a corrupted altar of Lugonu.
 46821 | Abyss:3  | Cast into level 3 of the Abyss (+2 glaive of distortion)
 46829 | Elf:2    | Escaped the Abyss
 46841 | Elf:2    | Killed Donald
 47186 | Elf:2    | Reached XP level 20. HP: 173/173 MP: 17/37
 47925 | Elf:3    | Entered Level 3 of the Elven Halls
 48509 | Elf:3    | Paralysed by an air elemental for 1 turns
 49208 | Elf:3    | Identified the +1 broad axe "Qevupsup" {flame, rN+ Will-
                  | Str+3}
 49208 | Elf:3    | Identified the ring "Yfo Jit" {Fly rElec Int+3 Dex-2}
 49611 | Elf:3    | Identified the +2 spear of Jurph {freeze, rElec rN++ Int+3}
 49613 | Elf:3    | Identified the +4 morningstar of Kecob {venom, rN+ Stlth+}
 49621 | Elf:3    | Reached skill level 15 in Long Blades
 49622 | Elf:3    | Reached skill level 15 in Staves
 49625 | Elf:3    | Identified the +9 long sword "Bomnep" {pain, Contam rPois
                  | rC++ rN+}
 49875 | Elf:3    | Identified the +3 falchion of Skirmishing {freeze, rPois
                  | rC+++ rCorr Int-2}
 49905 | Elf:3    | Got the Directory of the Deep Freeze
 49923 | Elf:3    | Identified the +3 dagger of Ru's Outrage {vamp, Str+2 Int-3
                  | Dex+5}
 50244 | Vaults:1 | Entered Level 1 of the Vaults
 50490 | Vaults:1 | Reached skill level 15 in Stealth
 51402 | Vaults:2 | Reached XP level 21. HP: 182/182 MP: 39/39
 52455 | Vaults:2 | Found the +18 shield of the Gong {Loud rN+ Will+ rCorr
                  | EV-5}
 52606 | Vaults:3 | Reached skill level 15 in Ranged Weapons
 52606 | Vaults:3 | Reached skill level 15 in Evocations
 53005 | Vaults:3 | Reached skill level 15 in Summonings
 53073 | Vaults:3 | Reached skill level 15 in Fighting
 53073 | Vaults:3 | Reached skill level 15 in Short Blades
 53073 | Vaults:3 | Reached skill level 15 in Axes
 53073 | Vaults:3 | Reached skill level 15 in Maces & Flails
 53073 | Vaults:3 | Reached skill level 15 in Polearms
 53073 | Vaults:3 | Reached skill level 15 in Throwing
 53073 | Vaults:3 | Reached skill level 15 in Dodging
 53073 | Vaults:3 | Reached skill level 15 in Shields
 53073 | Vaults:3 | Reached skill level 15 in Unarmed Combat
 53073 | Vaults:3 | Reached skill level 15 in Spellcasting
 53406 | Vaults:3 | Found a staircase to the Crypt.
 53521 | Vaults:3 | Identified the +7 mace "Neme" {heavy, rN+ rCorr Int-2 SInv}
 54015 | Vaults:3 | Found the +6 arbalest "Damnation" {damnation}
 54443 | Vaults:4 | Identified the ring "Vuikup" {rC- rCorr Str+3 Dex+3}
 54492 | Vaults:4 | Reached XP level 22. HP: 178/192 MP: 41/41
 54702 | Vaults:4 | Found Kour Sai's Magic Scroll Shoppe.
 55484 | Vaults:4 | Reached XP level 23. HP: 200/200 MP: 42/42
 55799 | Vaults:5 | Entered Level 5 of the Vaults
 55805 | Vaults:5 | Noticed a dread lich
 56024 | Vaults:5 | Identified the ring "Wuestoab" {Will+ Int+3}
 56059 | Vaults:5 | Noticed a golden dragon
 56449 | Vaults:4 | Killed a golden dragon
 57091 | Vaults:4 | Killed a dread lich
 57308 | Vaults:5 | Identified the +6 great mace of Roryuliu {freeze, rC+ Int+4
                  | Dex+3}
 57309 | Vaults:5 | Noticed a golden dragon
 57352 | Vaults:5 | HP: 8/195 [frost giant/bolt of cold (19)]
 57355 | Vaults:5 | Identified the amulet of the Failed Coup {Acrobat Dex+3}
 57356 | Vaults:5 | Noticed a golden dragon
 57378 | Vaults:5 | HP: 8/188 [tengu reaver/bolt of negative energy (7)]
 57382 | Vaults:5 | Slain by a tengu reaver

Illustrated notes

Levels and vault maps discovered:
D:1:      tarquinn_simple_flora_water_c, layout_basic
D:2:      layout_loops_corners, serial_glass, glass_columns_c, glass_columns_a
D:3:      layout_basic, overflow_temple_1_default, serial_corexii_hall,
          chequers_hall_statues_wall_a, chequers_hall_statues_corner_a,
          minmay_misc_feat_rows, supply_closet_lemuel
D:4:      layout_basic, nicolae_hepliaklqana_ecumenical_no_more,
          minmay_temple_entry_trees, minmay_gold_behind_fungi,
          chequers_serial_rivers_small_3, uniq_blork_the_orc
D:5:      minmay_inner_zag, layout_basic,
          nicolae_dithmenos_through_a_glass_darkly, gammafunk_ghost_hive
D:6:      layout_basic, mainiacjoe_overflow_alcove_4,
          mainiacjoe_overflow_alcove_1, kennysheep_mini_moat,
          nicolae_ossuary_entry_monument, uniq_eustachio
D:7:      minmay_chambers_of_sixes, layout_basic, makhleb_blood_cavern_becter,
          uniq_joseph
D:8:      layout_layer_cave, vehumet_crystals, grunt_temple_overflow_diamond,
          minmay_sticks_and_stones
D:9:      minmay_polygon_palace, layout_basic, mainiacjoe_overflow_chevrons,
          led_sif_book, uniq_psyche, uniq_prince_ribbit1
D:10:     layout_cave_pools, nicolae_yredelemnul_corpse_copse, orc_0_dummy,
          ploomutoo_gammafunk_ghost_potion_laboratory,
          nicolae_trove_entry_isolated, minmay_alternating_orb, uniq_urug,
          uniq_maurice
D:11:     layout_long_grid, serial_glass, glass_columns_a, glass_columns_b,
          ebering_ghost_funeral_grove, moated_statue, minmay_stone_trees_medium,
          dilly_guarded_unrand_elemental_staff
D:12:     layout_basic, portal_ice_cave_entry_pillars_2
D:13:     layout_loops_cross, serial_bayou_lagoon_b
D:14:     layout_basic, david_vaults_5, grunt_decor_fettered, st_stairs_11,
          eino_small_chamber_without_monster, drop_trap, nicolae_sextant
D:15:     gammafunk_enter_depths_forms, layout_rooms, roderic_roman_lattice,
          nicolae_danse_macabre
Temple:   nicolae_temple_bog_church
Lair:1:   layout_gridlike, infiniplex_staircase_pool, grunt_megastairs_4
Lair:2:   layout_layer_cave, lightli_volcano_entry_magma_tube
Lair:3:   layout_cave_pods, elwin_shoals_entry_rooms,
          nicolae_spider_entry_non_spiders, grunt_forest_large_clearing_hut
Lair:4:   layout_hall_layers, minmay_lair_oklob_items,
          cheibrodos_lair_reptile_den, infiniplex_staircase_pool_2,
          serial_bayou_shore_a, uniq_kirke
Lair:5:   evilmike_catoblepas_cave, layout_regular_city, slime_entry_1,
          chequers_serial_rivers_small_b, bh_autumn_forest_stairs,
          lemuel_fruit_tree
Shoals:1: layout_shoals
Shoals:2: layout_shoals, nicolae_shoals_lost_giant_hut, uniq_ilsuiw
Shoals:3: layout_shoals
Shoals:4: shoals_end_simple, layout_shoals, uniq_roxanne, uniq_polyphemus,
          uniq_louise
Spider:1: layout_spider_delve, nicolae_spider_world_wide_web
Spider:2: nicolae_spider_broodchamber
Spider:3: layout_chambers, ebering_ghost_disaster_area
Spider:4: spider_rune_water, beargit_elvish_explorers
Orc:1:    layout_caves, serial_shops, shop
Orc:2:    grunt_orc_community_town_hall, layout_caves,
          grunt_orc_community_big_house_1, grunt_orc_community_big_house_2,
          grunt_orc_community_house_1, grunt_orc_community_house_1,
          grunt_orc_community_house_1, grunt_orc_community_house_1,
          david_defended_altar_orc, uniq_sonja, uniq_rupert, uniq_nessos
Elf:1:    minmay_elf_arrival_summoners, layout_rooms, serial_shops, shop,
          minmay_elf_annihilation, uniq_azrael, uniq_zenata
Elf:2:    nicolae_elf_blades_crystal_corner, layout_gridlike,
          lemuel_upstairs_altar, uniq_aizul, uniq_donald
Elf:3:    minmay_elf_hall_circle, layout_gridlike
Vaults:1: nicolae_vaults_tetromino_Z_2, vaults_dpeg_hooks, v_alt_pattern_5,
          nicolae_vaults_trapezoid_layered, nicolae_vaults_storage_closets_3,
          vaults_mumra_minichess_inversion,
          nicolae_vaults_windows_and_doors_thing, v_misc_28,
          hangedman_vaults_locks, layout_vaults_big_room
Vaults:2: nicolae_vaults_house_3, vaults_standard_mumra_enter_the_diamond,
          nicolae_vaults_storage_closets_1, vaults_dpeg_emergency_exit,
          vaults_mumra_lcd, grunt_vaults_diagonal, grunt_vaults_hallway_short,
          grunt_vaults_trifunnel, nicolae_vaults_hallways_thing,
          hellmonk_guarded_unrand_gong, nicolae_vaults_tetromino_T_2,
          nicolae_vaults_diamond_2, nicolae_vaults_yaktaur_gun_rack,
          layout_vaults_omnicross
Vaults:3: minmay_crypt_entry_simple_walls, nicolae_vaults_what_the_h,
          ontoclasm_vaults_misaligned, nicolae_vaults_surprise_closet,
          ontoclasm_vaults_ring_square, nicolae_vaults_lightning_bolt,
          nicolae_vaults_turnstiles, nicolae_vaults_little_squares_4,
          nicolae_vaults_c_with_doors, grunt_vaults_twisty,
          nicolae_vaults_variable_pillar_hall, layout_vaults_ring
Vaults:4: nicolae_vaults_stepped_doors, nicolae_vaults_frosty_reception,
          nicolae_vaults_storage_closets_2, nicolae_vaults_tetromino_L_2,
          hangedman_vaults_restitches, v_rooms_1, hangedman_vaults_snaps,
          nicolae_vaults_corridor_and_loot_room, grunt_vaults_hallway_short,
          layout_vaults_omnigrid, serial_shops, shop
Vaults:5

Skill      XL: |  1  2  3  4  5  6  7  8  9 10 11 12 13 14 15 16 17 18 19 20 21 22 23 |
---------------+----------------------------------------------------------------------+-----
Fighting       | 1 2 3 5 6 7 8 9 10 11 12 13 14 15 | 15.9
Short Blades   | 1 2 3 5 6 7 8 9 10 11 12 13 14 15 | 15.9
Long Blades    | 1 2 3 5 6 7 8 9 10 11 12 13 14 15 16 17 | 17.9
Axes           | 1 2 3 5 6 7 8 9 10 11 12 13 14 15 | 15.9
Maces & Flails | 1 2 3 5 6 7 8 9 10 11 12 13 14 15 | 15.9
Polearms       | 1 2 3 5 6 7 8 9 10 11 12 13 14 15 | 15.9
Throwing       | 1 2 3 5 6 7 8 9 10 11 12 13 14 15 | 15.9
Dodging        | 1 2 3 5 6 7 8 9 10 11 12 13 14 15 | 15.9
Shields        | 1 2 3 5 6 7 8 9 10 11 12 13 14 15 | 15.9
Unarmed Combat | 1 2 3 5 6 7 8 9 10 11 12 13 14 15 | 15.9
Spellcasting   | 1 2 3 5 6 7 8 9 10 11 12 13 14 15 | 15.9
Conjurations   | 1 2 3 4 5 6 7 8 9 10 11 12 13 | 13.5
Hexes          | 1 2 3 4 5 6 7 8 9 10 11 12 13 | 13.5
Summonings     | 1 2 3 4 5 6 7 8 9 10 11 12 13 14 15 16 | 16.3
Necromancy     | 1 2 3 4 5 6 7 8 9 10 11 12 13 | 13.5
Translocations | 1 2 3 4 5 6 7 8 9 10 11 12 13 | 13.5
Transmutations | 1 2 3 4 5 6 7 8 9 10 11 12 13 | 13.5
Fire Magic     | 1 2 3 4 5 6 7 8 9 10 11 12 13 | 13.5
Ice Magic      | 1 2 3 4 5 6 7 8 9 10 11 12 13 | 13.5
Air Magic      | 1 2 3 4 5 6 7 8 9 10 11 12 13 | 13.5
Earth Magic    | 1 2 3 4 5 6 7 8 9 10 11 12 13 | 13.5
Poison Magic   | 1 2 3 4 5 6 7 8 9 10 11 12 13 | 13.5
Invocations    | 3 4 5 6 7 8 9 10 11 12 13 14 15 16 17 | 17.4
Ranged Weapons | 3 4 5 6 7 8 9 10 11 12 13 14 15 16 | 16.1
Evocations     | 3 4 5 6 7 8 9 10 11 12 13 14 15 16 | 16.1
Staves         | 5 6 7 8 9 10 11 12 13 14 15 16 | 16.5
Armour         | 7 8 9 10 11 12 13 14 15 16 17 | 17.0
Stealth        | 5 6 7 8 9 10 11 12 13 14 15 16 | 16.4

Action                     |  1- 3 |  4- 6 |  7- 9 | 10-12 | 13-15 | 16-18 | 19-21 | 22-24 || total
---------------------------+-------+-------+-------+-------+-------+-------+-------+-------++-------
  Melee: Quarterstaff      |    74 |    97 |   128 |   302 |     9 |       |       |       ||   610
         Bite              |     5 |     9 |    21 |    46 |   114 |   128 |   159 |    44 ||   526
         Sling             |       |       |       |     2 |       |       |       |       ||     2
         Short sword       |       |       |       |       |   734 |   186 |       |       ||   920
         Punch             |       |       |       |       |    66 |    70 |   136 |    44 ||   316
         Staff             |       |       |       |       |       |   622 |   794 |   212 ||  1628
         Falchion          |       |       |       |       |       |       |    84 |       ||    84
   Fire: Sling             |       |    72 |   349 |   461 |   110 |    21 |       |       ||  1013
  Throw: Dart              |       |    13 |     8 |    24 |     4 |     1 |       |       ||    50
         Throwing net      |       |       |     2 |     1 |       |       |       |       ||     3
         Javelin           |       |       |       |       |     3 |     4 |       |       ||     7
   Cast: Mephitic Cloud    |       |       |       |    42 |    86 |    10 |     1 |       ||   139
         Frozen Ramparts   |       |       |       |     5 |    12 |       |       |       ||    17
         Portal Projectile |       |       |       |     1 |     2 |       |       |       ||     3
         Tukima's Dance    |       |       |       |    12 |       |       |       |       ||    12
         Ignite Poison     |       |       |       |     1 |    48 |     9 |       |       ||    58
         Freezing Cloud    |       |       |       |       |    89 |   216 |   202 |    52 ||   559
         Irradiate         |       |       |       |       |     6 |     7 |     2 |     2 ||    17
         Lee's Rapid Decon |       |       |       |       |       |    52 |    80 |    13 ||   145
         Statue Form       |       |       |       |       |       |     8 |    14 |     2 ||    24
         Sticky Flame      |       |       |       |       |       |       |     7 |     1 ||     8
         Flame Wave        |       |       |       |       |       |       |     4 |     1 ||     5
 Invoke: Elemental Force   |       |       |       |       |     6 |     8 |     5 |     2 ||    21
         Disaster Area     |       |       |       |       |       |     1 |     2 |     3 ||     6
  Evoke: Wand              |       |       |     5 |    11 |    22 |    10 |     8 |    18 ||    74
    Use: Scroll            |       |     9 |    12 |    10 |     5 |     8 |     9 |     7 ||    60
         Potion            |       |       |       |     5 |     5 |     6 |     4 |     8 ||    28
   Stab: Sleeping          |    20 |     4 |       |       |       |       |       |       ||    24
         Distracted        |     1 |       |       |       |       |     1 |       |       ||     2
         Confused          |       |       |       |    12 |    23 |     4 |     1 |       ||    40
         Invisible         |       |       |       |     1 |     3 |     1 |       |     5 ||    10
 Armour: Robe              |    10 |    26 |       |       |    52 |    33 |       |       ||   121
         Leather armour    |       |    14 |   145 |   122 |    92 |   211 |   131 |    82 ||   797
         Skin              |       |       |       |       |       |    63 |   114 |    35 ||   212
  Dodge: Dodged            |    24 |    90 |   193 |   423 |   467 |   694 |   757 |   372 ||  3020
         Repelled          |       |       |       |       |     6 |    16 |    17 |     4 ||    43
  Block: Other             |       |       |    34 |   128 |   238 |   284 |   278 |   121 ||  1083
